 Dungeon Crawl Stone Soup version 0.30-a0-618-gd6c86c23d0 (webtiles) character file.

Game seed: 16646839615799277944

2146 Juicyj the Cudgeller (level 9, -5/78 HPs)
             Began as a Minotaur Fighter on Jan 9, 2023.
             Slain by an ogre
             ... wielding a +0 giant club
              (31 damage)
             ... on level 6 of the Dungeon.
             The game lasted 00:09:40 (5020 turns).

Juicyj the Cudgeller (Minotaur Fighter)             Turns: 5020, Time: 00:09:40

Health: -5/78      AC: 10    Str: 22    XL:     9   Next: 9%
Magic:  8/8        EV: 16    Int:  5    God:
Gold:   256        SH:  5    Dex: 13    Spells: 8/8 levels left

rFire   . . .      SeeInvis .    k - +8 whip of the Spectre {freeze, rC+ Will+}
rCold   + . .      Faith    +    c - +0 buckler
rNeg    . . .      Spirit   .    j - +3 scale mail {rPois}
rPois   +          Reflect  .    (helmet restricted)
rElec   .          Harm     .    (no cloak)
rCorr   .          Rampage  .    (no gloves)
Will    +....                    (no boots) Stlth
                                 q - amulet of faith
HPRegen 0.33/turn                p - +5 ring of evasion
MPRegen 0.11/turn                (no ring)

@: no status effects
A: horns 2, retaliatory headbutt
a: no special abilities


You were on level 6 of the Dungeon.
You visited 1 branch of the dungeon, and saw 6 of its levels.
You also visited: Sewer.

You collected 256 gold pieces.

Inventory:

Hand Weapons
 a - a +1 trident of draining
 k - the +8 whip of the Spectre (weapon) {freeze, rC+ Will+}
   (You found it on level 2 of the Dungeon)

   rC:        It protects you from cold.
   Will:      It increases your willpower.
Armour
 b - a +1 scale mail
 c - a +0 buckler (worn)
 j - a +3 scale mail of poison resistance (worn)
Jewellery
 l - a ring of magical power
 p - a +5 ring of evasion (left hand)
 q - an amulet of faith (around neck)
Wands
 o - a wand of mindburst (9)
Scrolls
 g - a scroll of fog
 m - 2 scrolls of blinking
 r - a scroll of identify
Potions
 d - a potion of might
 e - 2 potions of heal wounds
 f - 3 potions of curing
 h - a potion of brilliance
 i - a potion of invisibility
 n - a potion of haste


   Skills:
 + Level 6.6 Fighting
 * Level 7.2 Maces & Flails
 + Level 6.0 Polearms
 + Level 6.6 Armour
 + Level 4.4 Dodging
 + Level 6.7 Shields


You had 8 spell levels left.
You didn't know any spells.
Your spell library contained the following spells:

 Spells                   Type           Power      Damage    Failure   Level
 Apportation              Tloc           0%         N/A       85%         1
 Necrotise                Necr           0%         1d4       85%         1
 Summon Small Mammal      Summ           0%         N/A       85%         1
 Cigotuvi's Dreadful Rot  Necr/Pois/Air  0%         N/A       94%         2
 Ensorcelled Hibernation  Hex/Ice        0%         N/A       94%         2
 Sublimation of Blood     Necr           0%         N/A       94%         2
 Hailstorm                Conj/Ice       0%         3d3       99%         3
 Spider Form              Tmut/Pois      0%         N/A       99%         3
 Anguish                  Hex/Necr       0%         N/A       100%        4
 Dispel Undead            Necr           0%         3d6       100%        4
 Ice Form                 Ice/Tmut       0%         N/A       100%        4
 Petrify                  Tmut/Erth      0%         N/A       100%        4
 Irradiate                Conj/Tmut      0%         3d11      100%        5
 Death Channel            Necr           0%         N/A       100%        6
 Simulacrum               Ice/Necr       0%         N/A       100%        6


Dungeon Overview and Level Annotations

Branches:
Dungeon (6/15)              Sewer (visited)
 Temple: D:4-7

Altars:
Hepliaklqana
Trog
Uskayaw
Xom

Shops:
D:3 [   D:6 (


Innate Abilities, Weirdness & Mutations

You have a pair of horns on your head.
You reflexively headbutt those who attack you in melee.


Message History

You block the hound's attack.
The gnoll sergeant hits you from afar with a +0 trident!
You whack the hound! You freeze the hound.
You kill the hound!
The gnoll sergeant closely misses you. The ogre closely misses you.
The gnoll sergeant closely misses you. You furiously retaliate!
You headbutt the gnoll sergeant.
Items here: $ )) [ †.
You barely miss the gnoll sergeant.
Your headbutt misses the gnoll sergeant.
The gnoll sergeant is lightly wounded.
The ogre barely misses you.
You hit the gnoll sergeant. You freeze the gnoll sergeant.
The gnoll sergeant is moderately wounded.
The gnoll sergeant completely misses you.
You furiously retaliate!
You headbutt the gnoll sergeant! You hit the gnoll sergeant.
You freeze the gnoll sergeant.
The gnoll sergeant is almost dead.
The gnoll sergeant hits you from afar with a +0 trident!
The gnoll sergeant hits you with a +0 trident!
The ogre completely misses you.
You are too injured to fight recklessly!
You are too injured to fight recklessly!
You are too injured to fight recklessly!
The gnoll sergeant misses you.
You are too injured to fight recklessly!
You are too injured to fight recklessly!
You barely miss the ogre. Your headbutt misses the ogre.
The ogre hits you with a +0 giant club. The gnoll sergeant misses you.
You whack the ogre! You freeze the ogre.
The ogre is moderately wounded.
The gnoll sergeant hits you from afar with a +0 trident!
* * * LOW HITPOINT WARNING * * *
You feel better. The ogre closely misses you. You furiously retaliate!
You headbutt the ogre!
The gnoll sergeant hits you from afar with a +0 trident.
* * * LOW HITPOINT WARNING * * *
You feel better.
The ogre hits you with a +0 giant club!!
You die...

###''''############# .#
...................# o.#
≈~~....~~≈~~~~~~~~≈#####
≈≈~....~≈≈≈≈≈≈≈~≈≈≈≈≈≈≈≈
~~~....~~~~~~~≈~~~~~≈~~~
.......g................
#g# #†..........
#O#####..#..#..#.#
#@..)))).#.......#
#.#.#####.......###
...##.# #####...# .....
#.# #...# ....... .#
#...# .##..#. # #...#
.##.... #...# .....#.
.#####...###
............


You could see an ogre and 2 gnoll sergeants.

Vanquished Creatures
  A hornet (D:6)
  Sigmund (D:3)
  A black bear (D:4)
  An ice beast (D:4)
  2 ogres
  3 phantoms
  A centaur (D:6)
  A kobold brigand (D:6)
  2 bullfrogs (Sewer)
  A gnoll sergeant (D:6)
  2 scorpions (D:5)
  A howler monkey (D:6)
  4 hounds (D:6)
  3 orc priests (D:5)
  Terence (D:2)
  2 iguanas
  2 orc wizards
  Robin (D:2)
  20 adders
  A river rat (D:4)
  2 shadow imps (D:6)
  A white imp (D:6)
  5 worms
  A dart slug (D:3)
  15 orcs
  13 ball pythons
  13 endoplasms
  15 giant cockroaches
  14 goblins
  16 hobgoblins
  11 quokkas
  10 bats
  16 frilled lizards
  12 kobolds
  11 rats
206 creatures vanquished.

Vanquished Creatures (others)
  A fungus (D:3)
  8 plants (D:5)
9 creatures vanquished.

Grand Total: 215 creatures vanquished

Notes
Turn   | Place    | Note
-------+----------+-------------------------------------------
     0 | D:1      | Juicyj the Minotaur Fighter began the quest for the Orb.
     0 | D:1      | Reached XP level 1. HP: 19/19 MP: 0/0
   118 | D:1      | Found a faded altar of an unknown god.
   162 | D:1      | Reached XP level 2. HP: 27/27 MP: 1/1
  1024 | D:2      | Noticed Terence
  1036 | D:2      | Killed Terence
  1037 | D:2      | Reached XP level 3. HP: 12/33 MP: 2/2
  1254 | D:2      | Identified the +8 whip of the Spectre {freeze, rC+ Will+}
  1256 | D:2      | Noticed Robin
  1277 | D:2      | Killed Robin
  1279 | D:2      | Reached XP level 4. HP: 40/40 MP: 3/3
  1379 | D:2      | Reached skill level 1 in Maces & Flails
  1813 | D:2      | Reached XP level 5. HP: 47/47 MP: 4/4
  1816 | D:2      | Reached skill level 2 in Maces & Flails
  1967 | D:3      | Reached skill level 1 in Dodging
  2024 | D:3      | Noticed a phantom
  2030 | D:3      | Killed a phantom
  2031 | D:3      | Reached skill level 3 in Maces & Flails
  2031 | D:3      | Reached XP level 6. HP: 50/53 MP: 5/5
  2059 | D:3      | Noticed Sigmund
  2071 | D:3      | Killed Sigmund
  2072 | D:3      | Reached skill level 5 in Fighting
  2072 | D:3      | Reached skill level 5 in Armour
  2072 | D:3      | Reached skill level 5 in Shields
  2102 | D:3      | Found Tyeraamp's Armour Shoppe.
  2686 | D:3      | Reached XP level 7. HP: 61/61 MP: 6/6
  2864 | D:3      | Reached skill level 4 in Maces & Flails
  3151 | D:4      | Found a glowing drain.
  3166 | Sewer    | Entered a sewer
  3398 | Sewer    | Reached skill level 5 in Maces & Flails
  3556 | D:4      | Reached skill level 5 in Polearms
  3556 | D:4      | Reached XP level 8. HP: 69/70 MP: 7/7
  3569 | D:4      | You fall into a shaft and drop 2 floors!
  3569 | D:6      | Found Paushroiw's Antique Weapon Shop.
  3698 | D:5      | Entered Level 5 of the Dungeon
  4049 | D:5      | Found a bloodstained altar of Trog.
  4202 | D:5      | Found a shimmering altar of Xom.
  4226 | D:5      | Found a hide-covered altar of Uskayaw.
  4240 | D:5      | Reached skill level 6 in Maces & Flails
  4657 | D:5      | Found a hazy altar of Hepliaklqana.
  4913 | D:6      | Noticed a hornet
  4924 | D:6      | Killed a hornet
  4929 | D:6      | Reached skill level 7 in Maces & Flails
  4939 | D:6      | Reached XP level 9. HP: 61/78 MP: 8/8
  5020 | D:6      | Slain by an ogre

Illustrated notes

Levels and vault maps discovered:
D:1:      psy_arrival_radial02, layout_basic,
          shapermc_ecumenical_altar_totnotflames
D:2:      layout_basic, minmay_misc_feat_tower, reono_crystal_passage,
          minmay_snake_closets, uniq_terence, uniq_robin
D:3:      layout_loops_corners, serial_shops, shop, minmay_misc_feat_rugged,
          dreamdust_mushroom_princess, minmay_cut_off, uniq_sigmund
D:4:      minmay_bubble_buster, layout_rooms, lightli_sewer_entry_pipes,
          gammafunk_ghost_grave, hex_tiny
D:5:      layout_basic, mainiacjoe_overflow_brackets,
          mainiacjoe_overflow_concentric_impassable,
          mainiacjoe_overflow_tiny_flanked, nzn_hepliaklqana_mist_gate,
          wad_woods_river_04, corexii_item_surrounded_by_moat
D:6:      lemuel_castle_with_subvaults [lemuel_castle_interior_carwin_2],
          layout_loops_cross, minmay_temple_entry_stoned_glass, serial_shops,
          nicolae_inconvenience_store, minmay_manual_mullet, uniq_duvessa,
          uniq_crazy_yiuf_cottage, uniq_eustachio, uniq_edmund, uniq_pikel

Skill      XL: |  1  2  3  4  5  6  7  8  9 |
---------------+----------------------------+-----
Armour         | 4 5 6 |  6.6
Fighting       | 4 5 6 |  6.6
Shields        | 4 5 6 |  6.7
Polearms       | 3 4 5 6 |  6.0
Maces & Flails | 1 3 5 7 |  7.2
Dodging        | 1 2 3 4 |  4.4

Action                   |  1- 3 |  4- 6 |  7- 9 || total
-------------------------+-------+-------+-------++-------
Melee: Trident           |    65 |       |     5 ||    70
       Headbutt          |     9 |    11 |    38 ||    58
       Whip              |     9 |   114 |   293 ||   416
  Use: Scroll            |     5 |     3 |     4 ||    12
       Potion            |     1 |     1 |     6 ||     8
Armor: Scale mail        |    18 |    48 |    92 ||   158
Dodge: Dodged            |    24 |    38 |   137 ||   199
Block: Buckler           |     6 |    10 |    60 ||    76

Table legend: (Time is in decaauts)
 A = Elapsed time spent in this place.
 B = Non-inter-level travel time spent in this place.
 C = Inter-level travel time spent in this place.
 D = Time resting spent in this place.
 E = Time spent auto-exploring this place.
 F = Levels seen in this place.
 G = Mean time per level.
                   A        B        C        D        E       F      G
               +--------+--------+--------+--------+--------+-----+--------+
         Total |   5113 |   4937 |    176 |    483 |   3227 |   7 |  730.4 |
       Dungeon |   4723 |   4547 |    176 |    483 |   3037 |   6 |  787.2 |
         Sewer |    389 |    389 |      0 |      0 |    190 |   1 |  389.0 |
               +--------+--------+--------+--------+--------+-----+--------+

Top non-repeatable levels by time:
     D:5: 1164 daAuts
     D:2: 1020 daAuts
     D:1: 957 daAuts
     D:3: 951 daAuts
   Sewer: 389 daAuts
     D:4: 349 daAuts
     D:6: 279 daAuts
